 Dungeon Crawl Stone Soup version 0.31-a0-981-geadf994542 (webtiles) character file.

Game seed: 9577495592539742302

177 fishfloyd the Stinger (level 5, -3/40 HPs)
             Began as a Draconian Venom Mage on Oct 30, 2023.
             Slain by a gnoll
             ... wielding a +0 flail
             ... led by a gnoll bouda
              (7 damage)
             ... on level 3 of the Dungeon on Oct 31, 2023.
             The game lasted 00:30:23 (2628 turns).

fishfloyd the Stinger (Draconian Venom Mage)        Turns: 2628, Time: 00:30:23

Health: -3/40      AC:  6    Str: 10    XL:     5   Next: 31%
Magic:  8/8        EV: 12    Int: 18    God:
Gold:   103        SH:  0    Dex: 11    Spells: 4/8 levels left

rFire   . . .        n - +1 long sword
rCold   . . .        (no shield)
rNeg    . . .        (body armour unavailable)
rPois   .            (helmet restricted)
rElec   .            d - +0 cloak
rCorr   .            (no gloves)
SInv    .            (no boots)
Will    .....        (no amulet)
Stlth   ++           h - ring of flight
HPRegen 0.26/turn    (no ring)
MPRegen 0.11/turn

%: no passive effects
@: flying, hasted, very quick
A: AC +5, unfitting armour, cold-blooded
a: no special abilities


You were on level 3 of the Dungeon.
You visited 1 branch of the dungeon, and saw 3 of its levels.

You collected 103 gold pieces.

Inventory:

Hand Weapons
 c - a +0 dagger
 f - a +0 short sword of venom
 j - a +0 whip
 m - a +0 rapier
 n - a +1 long sword (weapon)
Missiles
 g - 33 stones
Armour
 d - a +0 cloak (worn)
 i - a +0 leather armour
 k - a +0 robe
 o - a +0 scale mail
 p - the +0 leather armour "Ilatigg" {rElec Int+3}
   (You found it on level 2 of the Dungeon)

   Int+3:     It affects your intelligence (+3).
   rElec:     It insulates you from electricity.
Magical Staves
 b - a staff of fire
Jewellery
 h - a ring of flight (left hand)
Scrolls
 l - a scroll of amnesia
 q - a scroll of identify
Potions
 a - a potion of magic


   Skills:
 + Level 1.0 Fighting
 + Level 0.6(1.3) Short Blades
 + Level 1.7(1.8) Long Blades
 + Level 3.0 Dodging
 + Level 2.4 Stealth
 + Level 0.3 Unarmed Combat
 + Level 2.3 Spellcasting
 + Level 0.7 Necromancy
 + Level 1.4 Transmutations
 + Level 0.9 Air Magic
 + Level 3.4 Poison Magic


You had 4 spell levels left.
You knew the following spells:

 Your Spells              Type           Power      Damage    Failure   Level
a - Sting                 Tmut/Pois      40%        1d5       6%          1
b - Necrotise             Necr           16%        1d4       13%         1
c - Poisonous Vapours     Pois/Air       18%        N/A       11%         2

Your spell library contained the following spells:

 Spells                   Type           Power      Damage    Failure   Level
 Mephitic Cloud           Conj/Pois/Air  7%         N/A       28%         3
 Vampiric Draining        Necr           4%         2d6       36%         3
 Olgreb's Toxic Radiance  Pois           14%        N/A       38%         4
 Ozocubu's Armour         Ice            2%         N/A       45%         3
 Agony                    Necr           4%         N/A       98%         5
 Metabolic Englaciation   Hex/Ice        1%         N/A       99%         5
 Simulacrum               Ice/Necr       1%         N/A       100%        6


Dungeon Overview and Level Annotations

Branches:
Dungeon (3/15)

Altars:
Dithmenos
Kikubaaqudgha


Innate Abilities, Weirdness & Mutations

Your plain brown scales are hard. (AC +5)
You cannot fit into any form of body armour.
You are cold-blooded and may be slowed by cold attacks.


Message History

The gnoll bouda hits you with a +0 club.
* * * LOW HITPOINT WARNING * * *
You hit the gnoll bouda.
The gnoll bouda is heavily wounded.
The gnoll bouda closely misses you.
The gnoll bouda hits you with a +0 club.
* * * LOW HITPOINT WARNING * * *
You closely miss the gnoll bouda. You tail-slap the gnoll bouda.
The gnoll bouda is severely wounded.
The gnoll bouda gazes fiercely through you!
You feel your attacks grow feeble.
The gnoll bouda hits you with a +0 club!
* * * LOW HITPOINT WARNING * * *
As you read the scroll of fear, it crumbles to dust.
You assume a fearsome visage.
The gnoll bouda looks frightened!
A gnoll comes into view. It is wielding a +0 whip.
A gnoll comes into view.
It is wielding a +0 flail and quivering poisoned darts.
The gnoll is no longer moving quickly. x2
You see here a +0 club.
Your attacks no longer feel as feeble.
Okay, then.
It was a potion of haste.
You feel yourself speed up.
You hit the gnoll.
The gnoll is moderately wounded.
The gnoll hits you with a +0 whip.
* * * LOW HITPOINT WARNING * * *
You closely miss the gnoll.
The gnoll is moderately wounded.
The gnoll closely misses you.
You hit the gnoll.
Your tail-slap misses the gnoll.
The gnoll is heavily wounded.
The gnoll hits you but does no damage.
You hit the gnoll but do no damage.
The gnoll is heavily wounded.
The gnoll misses you.
You slash the gnoll!
You kill the gnoll!
Your Dodging skill increases to level 3!
You closely miss the gnoll. The gnoll hits you with a +0 flail!
You die...

##.. #g# ... #g# #.#
#)# #.######g#
##...g..).#
###.g.#####)#
#......# #†##
#######.#...#####...
#..@g.#.#.........##
#####.#g#.##########
#.#.#)# # #..g..####
##
###........######.
............>.....
+.###.....##.######.
#....###.# ## #.#.##
#.# #


You could see a gnoll.

Vanquished Creatures
  An orc priest (D:3)
  3 gnolls (D:3)
  5 adders
  A worm (D:2)
  A dart slug (D:2)
  6 orcs (D:3)
  8 bats
  2 endoplasms
  2 giant cockroaches
  5 hobgoblins
  4 jackals
  3 quokkas
  6 ball pythons
  4 frilled lizards
  6 goblins
  5 kobolds
  6 rats
68 creatures vanquished.

Notes
Turn   | Place    | Note
-------+----------+-------------------------------------------
     0 | D:1      | fishfloyd the Draconian Venom Mage began the quest for the
                  | Orb.
     0 | D:1      | Reached XP level 1. HP: 14/14 MP: 3/3
   169 | D:1      | Reached XP level 2. HP: 19/20 MP: 5/5
   180 | D:1      | Learned a level 1 spell: Necrotise
   183 | D:1      | Learned a level 2 spell: Poisonous Vapours
  1510 | D:2      | Reached XP level 3. HP: 26/26 MP: 6/6
  1829 | D:2      | Identified the +0 leather armour "Ilatigg" {rElec Int+3}
  1838 | D:2      | Upgraded the game from 0.31-a0-978-g1e143483b6 to
                  | 0.31-a0-981-geadf994542
  1902 | D:2      | Found an ancient bone altar of Kikubaaqudgha.
  1922 | D:2      | Reached XP level 4. HP: 32/33 MP: 7/7
  1996 | D:2      | Found a faded altar of an unknown god.
  2329 | D:3      | Found a shadowy altar of Dithmenos.
  2464 | D:3      | Reached skill level 1 in Fighting
  2563 | D:3      | Reached skill level 1 in Long Blades
  2563 | D:3      | Reached XP level 5. HP: 33/40 MP: 8/8
  2599 | D:3      | HP: 1/40 [gnoll bouda/+0 club (8)]
  2618 | D:3      | HP: 2/40 [gnoll/+0 whip[a gnoll bouda] (4)]
  2628 | D:3      | Slain by a gnoll

Illustrated notes

Levels and vault maps discovered:
D:1:      lightli_arrival_chessboard, layout_basic
D:2:      layout_basic, basic_altar, shapermc_ecumenical_altar_mp_highgroup,
          patterned_corridor
D:3:      layout_loops_ring, lemuel_crystal_altar, kiku_gazebo_garden_becter,
          mainiacjoe_overflow_big_doors, nicolae_grassy_gnolls

Skill      XL: |  1  2  3  4  5 |
---------------+----------------+-----
Dodging        | 2 3 |  3.0
Stealth        | 2 |  2.4
Fighting       | 1 |  1.0
Long Blades    | 1 |  1.7
Short Blades   | |  0.6
Unarmed Combat | |  0.3
Spellcasting   | |  2.3
Necromancy     | |  0.7
Transmutations | |  1.4
Air Magic      | |  0.9
Poison Magic   | |  3.4

Action                     |  1- 3 |  4- 6 || total
---------------------------+-------+-------++-------
  Melee: Dagger            |    30 |       ||    30
         Unarmed           |     7 |       ||     7
         Tailslap          |    11 |     9 ||    20
         Punch             |     1 |       ||     1
         Short sword       |    88 |       ||    88
         Long sword        |    11 |    90 ||   101
   Cast: Necrotise         |     6 |     2 ||     8
         Sting             |     5 |     1 ||     6
         Poisonous Vapours |     1 |     2 ||     3
    Use: Scroll            |     7 |     2 ||     9
         Potion            |       |     2 ||     2
   Stab: Sleeping          |     1 |       ||     1
 Armour: Skin              |    91 |    63 ||   154
  Dodge: Dodged            |   120 |    65 ||   185

Table legend: (Time is in decaauts)
 A = Elapsed time spent in this place.
 B = Non-inter-level travel time spent in this place.
 C = Inter-level travel time spent in this place.
 D = Time resting spent in this place.
 E = Time spent auto-exploring this place.
 F = Levels seen in this place.
 G = Mean time per level.
                   A        B        C        D        E       F      G
               +--------+--------+--------+--------+--------+-----+--------+
         Total |   2658 |   2546 |    112 |    714 |    500 |   3 |  886.0 |
       Dungeon |   2658 |   2546 |    112 |    714 |    500 |   3 |  886.0 |
               +--------+--------+--------+--------+--------+-----+--------+

Top non-repeatable levels by time:
     D:1: 1300 daAuts
     D:2: 1012 daAuts
     D:3: 346 daAuts
